 Dungeon Crawl Stone Soup version 0.22-a0-525-gf69a080 (webtiles) character file.

49 Amnesiac the Ducker (level 3, 0/19 HPs)
             Began as a Spriggan Fighter on June 20, 2018.
             Hit by a stone thrown by a kobold (3 damage)
             ... on level 1 of the Dungeon.
             The game lasted 00:01:35 (751 turns).

Amnesiac the Ducker (Spriggan Fighter)               Turns: 751, Time: 00:01:36

Health: 0/19       AC:  2    Str: 13    XL:     3   Next: 51%
Magic:  4/4        EV: 20    Int:  9    God:
Gold:   76         SH:  6    Dex: 15    Spells: 2/2 levels left

rFire    . . .     SeeInvis +   a - +0 long sword
rCold    . . .     Gourm    .   c - +0 buckler
rNeg     . . .     Faith    .   b - +0 robe
rPois    .         Spirit   .   (helmet restricted)
rElec    .         Reflect  .   (no cloak)
rCorr    .         Harm     .   (gloves unavailable)
MR       .....                  (boots unavailable)
Stlth    +.........             (no amulet)
HPRegen  0.06/turn              (no ring)
MPRegen  0.09/turn              (no ring)

@: very quick
A: very small, unfitting armour, see invisible, herbivore, speed 3, slow
metabolism 2
a: no special abilities


You were on level 1 of the Dungeon.
You were not hungry.

You visited 1 branch of the dungeon, and saw 2 of its levels.

You collected 76 gold pieces.

Inventory:

Hand Weapons
 a - a +0 long sword (weapon)
Missiles
 h - 38 stones (quivered)
Armour
 b - a +0 robe (worn)
 c - a +0 buckler (worn)
Jewellery
 l - a cursed ring of teleportation {unknown}
Scrolls
 e - 3 scrolls of enchant weapon {!r, unknown}
 g - 2 scrolls of identify {!r, unknown}
 i - a scroll of noise {!r, unknown}
 j - 2 scrolls of teleportation {!r, unknown}
 k - a scroll of amnesia {!r, unknown}
Potions
 d - a potion of might {!q}
 m - a potion of brilliance {!q, unknown}
Comestibles
 f - 2 rations


   Skills:
 - Level 2.4 Fighting
 - Level 2.0 Long Blades
 + Level 5.1 Dodging
 * Level 2.9 Shields


You had 2 spell levels left.
You didn't know any spells.
Your spell library was empty.

Dungeon Overview and Level Annotations

Branches:
Dungeon (2/15)

Altars:
Qazlal


Innate Abilities, Weirdness & Mutations

You are very small and have problems with some larger weapons.
You are too small for most types of armour.
You have supernaturally acute eyesight. (SInv)
You are a herbivore.
You cover ground extremely quickly.
You need to consume almost no food.


Message History

The leopard gecko completely misses you.
You riposte.
You closely miss the leopard gecko. The leopard gecko closely misses you.
You closely miss the leopard gecko. The leopard gecko bites you.
You hit the leopard gecko but do no damage.
You block the leopard gecko's attack.
The leopard gecko completely misses you.
You riposte.
You miss the leopard gecko. You barely miss the leopard gecko.
The leopard gecko completely misses you.
You hit the leopard gecko.
The leopard gecko is heavily wounded.
The leopard gecko closely misses you. The leopard gecko bites you.
* * * LOW HITPOINT WARNING * * *
You closely miss the leopard gecko.
The leopard gecko is heavily wounded.
The leopard gecko barely misses you.
You slash the leopard gecko!
You kill the leopard gecko!
No target in view!
No target in view!
A frilled lizard comes into view.
A giant cockroach, a goblin and a kobold come into view.
The frilled lizard hisses angrily.
The goblin shouts!
A rat comes into view.
The kobold throws a stone.
The stone closely misses you.
Found 13 arrows and 2 scrolls labeled FUBLAI PANOEGGI.
You see here a stone.
There are monsters nearby!
There are monsters nearby!
You see here 8 gold pieces.
You slash the frilled lizard!
You kill the frilled lizard!
The giant cockroach completely misses you.
You riposte.
You hit the giant cockroach but do no damage.
You closely miss the rat. The rat completely misses you.
You riposte.
You closely miss the rat. The giant cockroach closely misses you.
You riposte.
You barely miss the giant cockroach. You hit the rat.
The rat is heavily wounded.
You block the giant cockroach's attack. The rat bites you.
* * * LOW HITPOINT WARNING * * *
The kobold throws a stone.
The stone barely misses you.
The giant cockroach bites you but does no damage.
The rat misses you.
The kobold throws a stone.
The stone hits you but does no damage.
You barely miss the giant cockroach. You block the giant cockroach's attack.
The rat closely misses you.
You hit the rat.
You kill the rat!
The giant cockroach bites you.
* * * LOW HITPOINT WARNING * * *
The giant cockroach misses you.
You hit the giant cockroach.
The giant cockroach is severely wounded.
The giant cockroach waves its antennae.
The giant cockroach misses you. The kobold hits you.
* * * LOW HITPOINT WARNING * * *
You see here a stone.
You hit the giant cockroach.
You kill the giant cockroach!
The kobold throws a stone.
The stone hits you.
You die...

..# .## .#### ....###
.##...##### .####.....#
.########.######## #####
.................###......
#..############.@†K†......
##..## ####g....... ###..#
#.....(.. # ##.###
#.....?.. #...# #........
###.## #........ #..##
##....... ##..### #......
##...##


You could see a goblin and a kobold.

Vanquished Creatures
  2 worms (D:2)
  A dart slug (D:1)
  A leopard gecko (D:1)
  A ball python (D:2)
  3 bats (D:1)
  A giant cockroach (D:1)
  5 hobgoblins
  7 jackals
  3 kobolds
  5 frilled lizards
  A goblin (D:1)
  7 rats (D:1)
37 creatures vanquished.

Notes
Turn   | Place    | Note
-------+----------+-------------------------------------------
     0 | D:1      | Amnesiac the Spriggan Fighter began the quest for the Orb.
     0 | D:1      | Reached XP level 1. HP: 11/11 MP: 2/2
   131 | D:1      | Reached XP level 2. HP: 13/16 MP: 3/3
   151 | D:2      | Found a stormy altar of Qazlal.
   412 | D:2      | Reached XP level 3. HP: 11/19 MP: 4/4
   508 | D:1      | Reached skill level 5 in Dodging
   751 | D:1      | Hit by a stone thrown by a kobold

Vault maps used:
D:1:      sevenhm_arrival_forest_fort_large_2
D:2:      lemuel_round_altar, nicolae_overflow_hidden_temple,
          minmay_fountain_box, kennysheep_generic_room_9

Skill      XL: |  1  2  3 |
---------------+----------+-----
Long Blades    | 2 |  2.0
Dodging        | 5 |  5.1
Fighting       | |  2.4
Shields        | |  2.9

Action                   || total
-------------------------++-------
Melee: Long sword        ||   101
 Stab: Sleeping          ||     3
Armor: Robe              ||    10
Dodge: Dodged            ||    84
Block: Buckler           ||    38
       Rpst.: Long sword ||    28

Table legend:
 A = Spawn XP
 B = Non-spawn XP
 C = Spawn XP percentage of total XP
 D = Spawn monster count
 E = Non-spawn monster count
 F = Spawn count percentage of total count
 G = Total turns spent on level
                    A         B        C        D         E        F      G
               +---------+---------+-------+---------+---------+-------+---------
         Total |       0 |      70 |   0.0 |       0 |      37 |   0.0 |   751
               +---------+---------+-------+---------+---------+-------+---------
           D:1 |       0 |      43 |   0.0 |       0 |      26 |   0.0 |   461
           D:2 |       0 |      27 |   0.0 |       0 |      11 |   0.0 |   290
               +---------+---------+-------+---------+---------+-------+---------
